 Dungeon Crawl Stone Soup version 0.29-a0-1-gf2d273c862 (webtiles) character file.

Game seed: 5851903745007309746

151 Jannitor the Firebug (level 5, -4/41 HPs)
             Began as a Hill Orc Fire Elementalist on Jan 26, 2022.
             Was an Initiate of Beogh.
             Slain by Ijyb (8 damage)
             ... on level 4 of the Dungeon.
             The game lasted 00:07:44 (4490 turns).

Jannitor the Firebug (Hill Orc Fire Elementalist)   Turns: 4490, Time: 00:07:45

Health: -4/41      AC:  2    Str: 11    XL:     5   Next: 33%
Magic:  8/8        EV: 11    Int: 17    God:    Beogh [......]
Gold:   162        SH:  6    Dex: 11    Spells: 5/8 levels left

rFire   . . .      SeeInvis .   i - +1 dagger
rCold   . . .      Faith    .   m - +2 buckler
rNeg    . . .      Spirit   .   a - +0 robe
rPois   .          Reflect  .   (no helmet)
rElec   .          Harm     .   (no cloak)
rCorr   .          Rampage  .   (no gloves)
Will    .....                   (no boots)
Stlth   ++........              (no amulet)
HPRegen 0.13/turn               (no ring)
MPRegen 0.11/turn               (no ring)

@: mighty
A: no striking features
a: Renounce Religion


You were on level 4 of the Dungeon.
You worshipped Beogh.
Beogh was noncommittal.
You visited 1 branch of the dungeon, and saw 4 of its levels.

You collected 162 gold pieces.

Inventory:

Hand Weapons
 i - a +1 dagger (weapon)
Missiles
 l - 2 poisoned darts (quivered)
Armour
 a - a +0 robe (worn)
 j - a +0 ring mail
 m - a +2 buckler (worn)
Jewellery
 d - a ring of positive energy
Scrolls
 b - a scroll of magic mapping {unknown}
 o - a scroll of amnesia
Potions
 g - a potion of lignification {unknown}
 n - 2 potions of mutation {unknown}
 r - a potion of attraction {unknown}


   Skills:
 + Level 2.2 Fighting
 + Level 2.2 Dodging
 - Level 1.5 Stealth
 + Level 1.6 Shields
 + Level 2.2 Spellcasting
 + Level 2.1 Conjurations
 + Level 4.0 Fire Magic


You had 5 spell levels left.
You knew the following spells:

 Your Spells              Type           Power      Damage    Failure   Level
a - Foxfire               Conj/Fire      48%        2x1d6     7%          1
b - Scorch                Fire           30%        2d7       8%          2

Your spell library contained the following spells:

 Spells                   Type           Power      Damage    Failure   Level
 Conjure Flame            Conj/Fire      12%        6-21      22%         3
 Inner Flame              Hex/Fire       8%         N/A       32%         3
 Flame Wave               Conj/Fire      12%        2d6       56%         4
 Tukima's Dance           Hex            1%         N/A       58%         3
 Passage of Golubria      Tloc           1%         N/A       94%         4
 Yara's Violent Unravell  Hex/Tmut       0%         3d3       100%        5


Dungeon Overview and Level Annotations

Branches:
Dungeon (4/15)
 Temple: D:4-7

Altars:
Okawaru
Yredelemnul

Annotations:
D:2 Sigmund
D:4 2 exclusions, Ijyb


Message History

Unknown command.
You puncture the water moccasin skeleton!
The water moccasin skeleton is moderately damaged.
Ijyb closely misses you.
The water moccasin skeleton closely misses you.
Unknown command.
You bump into the rock wall.
Ijyb hits you with a +0 club.
* * * LOW HITPOINT WARNING * * *
The water moccasin skeleton misses you.
Unknown command.
You barely miss Ijyb.
Ijyb is severely wounded.
The water moccasin skeleton completely misses you.
Ijyb screams, "Me very upset!"
Ijyb hits you with a +0 club.
* * * LOW HITPOINT WARNING * * *
The water moccasin skeleton completely misses you.
You hear the rapid rusting of a drain very nearby.
Ijyb closely misses you.
Unknown command.
You bump into the rock wall.
Ijyb closely misses you. The water moccasin skeleton bites you.
Unknown command.
You bump into the rock wall.
Ijyb hits you with a +0 club!
* * * LOW HITPOINT WARNING * * *
The water moccasin skeleton barely misses you.
Unknown command.
You bump into the rock wall.
You feel less invigorated.
You feel less confused. Ijyb hits you with a +0 club.
* * * LOW HITPOINT WARNING * * *
The water moccasin skeleton bites you.
* * * LOW HITPOINT WARNING * * *
Unknown command.
You closely miss Ijyb.
Ijyb is severely wounded.
The water moccasin skeleton bites you.
* * * LOW HITPOINT WARNING * * *
Ijyb hits you with a +0 club!
You die...

.###.
##.##.#
..#...#.#
........###
..........#
........#.#
......#.#.#
...####.# #
..# ###.#
## #@g.#
#Z### #.#
#.# ... ###


You could see Ijyb (strong) and a water moccasin skeleton.

Vanquished Creatures
  A jelly (D:4)
  An orc priest (D:3)
  4 adders
  An adder skeleton (D:4)
  3 worms
  A dart slug (D:3)
  2 orcs (D:3)
  7 ball pythons
  4 endoplasms
  3 giant cockroaches
  6 goblins
  5 hobgoblins
  3 bats
  4 frilled lizards
  7 kobolds
  4 rats
  A spectral orc (D:4)
57 creatures vanquished.

Vanquished Creatures (others)
  An orc priest (D:3)
  An orc wizard (D:3)
  51 foxfires
53 creatures vanquished.

Grand Total: 110 creatures vanquished

Notes
Turn   | Place    | Note
-------+----------+-------------------------------------------
     0 | D:1      | Jannitor the Hill Orc Fire Elementalist began the quest for
                  | the Orb.
     0 | D:1      | Reached XP level 1. HP: 14/14 MP: 3/3
   750 | D:1      | Reached XP level 2. HP: 22/22 MP: 1/4
  1403 | D:2      | Learned a level 2 spell: Scorch
  1765 | D:2      | Reached skill level 1 in Fighting
  1978 | D:2      | Reached XP level 3. HP: 21/28 MP: 2/5
  2365 | D:2      | Noticed Sigmund
  2886 | D:3      | Reached XP level 4. HP: 27/35 MP: 1/6
  3417 | D:3      | Became a worshipper of Beogh the Brigand
  3468 | D:3      | Reached skill level 1 in Shields
  3927 | D:4      | Reached XP level 5. HP: 41/41 MP: 2/8
  4118 | D:4      | Found an iron altar of Okawaru.
  4188 | D:4      | Reached skill level 4 in Fire Magic
  4261 | D:4      | Found a basalt altar of Yredelemnul.
  4444 | D:4      | Noticed Ijyb
  4490 | D:4      | Slain by Ijyb

Illustrated notes

Levels and vault maps discovered:
D:1:      dpeg_arrival_tiny_j, layout_basic
D:2:      minmay_angry_zag, layout_basic, nicolae_wormholes, uniq_sigmund
D:3:      layout_loops_ring
D:4:      layout_loops_ring, yredelemnul_forgotten_temple_becter,
          mainiacjoe_overflow_chevrons, portal_sewer_entry_f,
          ebering_dispersal_statue_hall, hangedman_glass_teeth,
          nicolae_shop_sticking_my_neck_out, uniq_ijyb

Skill      XL: |  1  2  3  4  5 |
---------------+----------------+-----
Fighting       | 1 2 |  2.2
Dodging        | 2 |  2.2
Spellcasting   | 2 |  2.2
Shields        | 1 |  1.6
Conjurations   | 2 |  2.1
Fire Magic     | 4 |  4.0
Stealth        | |  1.5

Action                   |  1- 3 |  4- 6 || total
-------------------------+-------+-------++-------
Melee: Unarmed           |     5 |     5 ||    10
       Dagger            |    41 |    47 ||    88
Throw: Dart              |     2 |       ||     2
 Cast: Foxfire           |    38 |     3 ||    41
       Scorch            |    15 |    24 ||    39
Invok: Convert to Beogh  |       |     1 ||     1
  Use: Scroll            |       |     6 ||     6
       Potion            |       |     3 ||     3
 Stab: Sleeping          |       |     2 ||     2
Armor: Robe              |    13 |     5 ||    18
Dodge: Dodged            |    33 |    24 ||    57
Block: Buckler           |     3 |     9 ||    12

Table legend: (Time is in decaauts)
 A = Elapsed time spent in this place.
 B = Non-inter-level travel time spent in this place.
 C = Inter-level travel time spent in this place.
 D = Time resting spent in this place.
 E = Time spent auto-exploring this place.
 F = Levels seen in this place.
 G = Mean time per level.
                   A        B        C        D        E       F      G
               +--------+--------+--------+--------+--------+-----+--------+
         Total |   4488 |   4415 |     73 |    923 |   2624 |   4 | 1122.0 |
       Dungeon |   4488 |   4415 |     73 |    923 |   2624 |   4 | 1122.0 |
               +--------+--------+--------+--------+--------+-----+--------+

Top non-repeatable levels by time:
     D:1: 1720 daAuts
     D:3: 1232 daAuts
     D:2: 973 daAuts
     D:4: 562 daAuts
